 Dungeon Crawl Stone Soup version 0.29.1-1-gd02db6906a (webtiles) character file.

Game seed: 15369902350832701179

3154 Icepheonix32 the Martial Artist (level 9, 0/61 HPs)
             Began as a Merfolk Transmuter on Oct 5, 2022.
             Slain by a centaur warrior (8 damage)
             ... on level 8 of the Dungeon.
             The game lasted 00:15:17 (8647 turns).

Icepheonix32 the Martial Artist (MfTm)              Turns: 8647, Time: 00:15:18

Health: 0/61       AC:  8    Str: 10    XL:     9   Next: 93%
Magic:  9/16       EV: 16    Int: 15    God:
Gold:   105        SH:  0    Dex: 16    Spells: 3/18 levels left

rFire   . . .      SeeInvis .     - Unarmed
rCold   . . .      Faith    .   (shield currently unavailable)
rNeg    + . .      Spirit   .   b - +0 steam dragon scales
rPois   .          Reflect  .   (no helmet)
rElec   .          Harm     .   i - +0 cloak
rCorr   .          Rampage  .   (gloves currently unavailable)
Will    .....                   v - +1 pair of boots
Stlth   ++........              (no amulet)
HPRegen 0.20/turn               c - ring of positive energy
MPRegen 0.15/turn               p - ring of wizardry

@: blade hands
A: (nimble swimmer 2), mertail
a: End Transformation


You were on level 8 of the Dungeon.
You had blades for hands.
You visited 1 branch of the dungeon, and saw 8 of its levels.

You collected 285 gold pieces.
You spent 180 gold pieces at shops.

Inventory:

Hand Weapons
 x - a +0 spear of freezing
Armour
 a - a +0 robe
 b - +0 steam dragon scales (worn)
 h - a +0 troll leather armour
 i - a +0 cloak (worn)
 v - a +1 pair of boots (worn)
 z - a +1 leather armour of positive energy
Magical Staves
 q - a staff of conjuration
Jewellery
 c - a ring of positive energy (left blade hand)
 p - a ring of wizardry (right blade hand)
Wands
 t - a wand of flame (4)
 u - a wand of mindburst (19)
 w - a wand of iceblast (11)
Scrolls
 f - a scroll of fear
 j - 4 scrolls of enchant weapon
 l - a scroll of noise
 m - a scroll of teleportation
 n - a scroll of magic mapping
 y - a scroll of identify
 A - a scroll of vulnerability {unknown}
Potions
 d - 4 potions of curing
 e - a potion of cancellation
 g - 4 potions of heal wounds
 k - a potion of might
 o - a potion of invisibility {unknown}
 r - 2 potions of flight
 s - 3 potions of brilliance


   Skills:
 + Level 2.1 Fighting
 * Level 7.3 Dodging
 + Level 2.3 Stealth
 * Level 9.5 Unarmed Combat
 + Level 5.1 Spellcasting
 * Level 8.7 Transmutations
 + Level 4.0 Poison Magic


You had 3 spell levels left.
You knew the following spells:

 Your Spells              Type           Power      Damage    Failure   Level
a - Beastly Appendage     Tmut           60%        N/A       4%          1
b - Wereblood             Tmut           30%        N/A       5%          2
c - Spider Form           Tmut/Pois      23%        N/A       12%         3
d - Ice Form              Ice/Tmut       16%        N/A       36%         4
e - Blade Hands           Tmut           15%        N/A       22%         5

Your spell library contained the following spells:

 Spells                   Type           Power      Damage    Failure   Level
 Slow                     Hex            12%        N/A       26%         1
 Ensorcelled Hibernation  Hex/Ice        6%         N/A       34%         2
 Confusing Touch          Hex            3%         N/A       50%         3
 Vampiric Draining        Necr           3%         2d6       50%         3
 Olgreb's Toxic Radiance  Pois           16%        N/A       38%         4
 Anguish                  Hex/Necr       1%         N/A       82%         4
 Animate Armour           Summ/Erth      6%         N/A       82%         4
 Iron Shot                Conj/Erth      1%         9d1       100%        6
 Ozocubu's Refrigeration  Ice            1%         4d7       100%        7
 Ignition                 Fire           1%         3d3       100%        8


Dungeon Overview and Level Annotations

Branches:
Dungeon (8/15)
 Temple: D:4-7         Lair: D:8-11

Altars:
Qazlal
Vehumet

Shops:
D:4 (([(

Annotations:
D:3 Sigmund


Innate Abilities, Weirdness & Mutations

You have blades for hands.
Your spellcasting is less reliable in this form.
You are incapable of wielding weapons or throwing items.
((You are very nimble when in or above water. (Stealth+, EV+, Speed+++)))
Your lower body shifts to a powerful aquatic tail in water.


Message History

You howl as the wereblood boils in your veins!
You see here a vampire mosquito corpse.
Your hands revert to their normal proportions.
You see here a +0 chain mail.
A - a scroll labelled HOZEPE FIUKI You howl as the wereblood boils in your veins!
You howl as the wereblood boils in your veins!
You howl as the wereblood boils in your veins!
A centaur warrior comes into view.
Your primal bloodlust is almost over.
There is an open door here.
You close the door.
You howl as the wereblood boils in your veins!
You hear a shout!
The centaur warrior wields a +0 shortbow.
The centaur warrior shoots an arrow.
The arrow hits you.
Your primal bloodlust has ended.
The centaur warrior unwields a +0 shortbow.
The centaur warrior hits you.
The centaur warrior completely misses you.
Casting: Wereblood (safe; 1% risk of failure)
Confirm with . or Enter, or press ? or * to list all spells.
Your hands turn into razor-sharp scythe blades.
The centaur warrior hits you.
The centaur warrior kicks you but does no damage.
You slice the centaur warrior!!
The centaur warrior is heavily wounded.
The centaur warrior hits you. The centaur warrior kicks you.
You hit the centaur warrior but do no damage.
The centaur warrior is heavily wounded.
The centaur warrior hits you but does no damage.
The centaur warrior closely misses you. The centaur warrior hits you!
* * * LOW HITPOINT WARNING * * *
The centaur warrior kicks you.
* * * LOW HITPOINT WARNING * * *
Unknown command.
You slice the centaur warrior!!
The centaur warrior is severely wounded.
The centaur warrior hits you!
You die...

.............#..# ..#......
.............#.. . ...#......
............... ..... #......
.............# ##.####......
.............# #.....##C.....
............# .......#))....
.....###..#########.......#.###+#
.....#...†.[.....c........C......
.....+..........@#.....#.........
.....#...........+.....#.........
.....#+###########.....########'#
.#####..# #.....c..........
.#....... #................
.'....... #................
.#+###..#########................
....# #..........#######.....#
....# #..........#.....#.....#


You could see a centaur warrior.

Vanquished Creatures
  2 trolls
  Grinder (D:6)
  A slime creature (D:8)
  A shadow (D:8)
  A steam dragon (D:7)
  A vampire mosquito (D:8)
  2 water moccasins (D:7)
  An ice beast (D:7)
  2 black bears
  A sky beast (D:7)
  An ogre (D:5)
  A centaur (D:5)
  A phantom (D:4)
  3 bullfrogs
  A necrophage (D:5)
  2 scorpions
  3 howler monkeys
  2 hounds
  A jelly (D:4)
  3 orc priests
  A gnoll bouda (D:7)
  Ijyb (D:4)
  Natasha (thrice) (D:3)
  4 orc wizards
  4 gnolls (D:7)
  6 adders
  An ufetubus (D:6)
  2 worms (D:3)
  5 dart slugs
  23 orcs
  8 bats
  11 endoplasms
  6 giant cockroaches
  5 goblins
  4 hobgoblins
  2 jackals (D:2)
  3 quokkas
  6 ball pythons
  3 frilled lizards
  9 kobolds
  10 rats
148 creatures vanquished.

Vanquished Creatures (others)
  4 plants (D:7)
4 creatures vanquished.

Grand Total: 152 creatures vanquished

Notes
Turn   | Place    | Note
-------+----------+-------------------------------------------
     0 | D:1      | Icepheonix32 the Merfolk Transmuter began the quest for the
                  | Orb.
     0 | D:1      | Reached XP level 1. HP: 15/15 MP: 3/3
   363 | D:1      | Reached XP level 2. HP: 21/21 MP: 3/5
  1105 | D:1      | Reached XP level 3. HP: 24/26 MP: 4/6
  1154 | D:1      | Learned a level 2 spell: Wereblood
  1158 | D:1      | Learned a level 3 spell: Spider Form
  1417 | D:2      | Found a faded altar of an unknown god.
  1745 | D:2      | Reached skill level 4 in Unarmed Combat
  1972 | D:2      | Reached XP level 4. HP: 30/32 MP: 5/7
  2600 | D:2      | Reached skill level 1 in Poison Magic
  3060 | D:3      | You fall into a shaft and drop 2 floors!
  3060 | D:5      | Entered Level 5 of the Dungeon
  3143 | D:4      | Found a stormy altar of Qazlal.
  3173 | D:3      | Noticed Natasha
  3185 | D:3      | Killed Natasha
  3186 | D:3      | Reached XP level 5. HP: 22/37 MP: 6/9
  3306 | D:3      | Noticed Natasha
  3312 | D:3      | Killed Natasha
  3411 | D:3      | Noticed Sigmund
  3546 | D:3      | Reached skill level 5 in Transmutations
  3546 | D:3      | Reached XP level 6. HP: 40/43 MP: 6/10
  3983 | D:3      | Noticed Natasha
  3991 | D:3      | Killed Natasha
  4259 | D:4      | Found Ono Ipp's Weapon Shop.
  4613 | D:4      | Noticed Ijyb
  4624 | D:4      | Killed Ijyb
  4819 | D:4      | Found Qusiathoa's Antique Weapon Shop.
  4847 | D:4      | Found Beopheyw's Weapon Shop.
  4940 | D:4      | Found Nyd Yga's Antique Armour Emporium.
  4947 | D:4      | Bought a pair of runed boots for 180 gold pieces
  5425 | D:4      | Learned a level 4 spell: Ice Form
  5499 | D:5      | Reached skill level 5 in Unarmed Combat
  5499 | D:5      | Reached XP level 7. HP: 41/48 MP: 11/11
  5569 | D:5      | Reached skill level 1 in Stealth
  6203 | D:5      | Found a radiant altar of Vehumet.
  6339 | D:6      | Reached skill level 5 in Dodging
  6607 | D:6      | Reached skill level 6 in Unarmed Combat
  6607 | D:6      | Reached XP level 8. HP: 37/55 MP: 9/13
  7062 | D:6      | Noticed Grinder
  7071 | D:6      | Paralysed by Grinder for 4 turns
  7078 | D:6      | Killed Grinder
  7380 | D:7      | Reached skill level 7 in Unarmed Combat
  7466 | D:7      | Learned a level 5 spell: Blade Hands
  7679 | D:7      | Reached XP level 9. HP: 53/61 MP: 11/15
  7729 | D:7      | Reached skill level 8 in Unarmed Combat
  7775 | D:7      | Noticed a troll
  7782 | D:7      | Killed a troll
  8285 | D:8      | Noticed a troll
  8290 | D:8      | Killed a troll
  8291 | D:8      | Reached skill level 9 in Unarmed Combat
  8294 | D:8      | Noticed a cyclops
  8613 | D:8      | Reached skill level 5 in Spellcasting
  8636 | D:8      | Noticed a centaur warrior
  8647 | D:8      | Slain by a centaur warrior

Illustrated notes

Levels and vault maps discovered:
D:1:      onia_arrival_mini_maze, layout_basic, chequers_hall_statues_wall_a
D:2:      layout_loops_ring, basic_ecumenical_altar, minmay_pentomino_o4
D:3:      kb_forest_paths, layout_basic, gammafunk_ghost_grave, uniq_sigmund,
          uniq_natasha
D:4:      minmay_skewed_foursquare, layout_basic, lemuel_tele_altar,
          serial_shops, nicolae_shop_crystal, nicolae_shop_hallway_stairs,
          nicolae_shop_bloodbath_and_beyond, nicolae_shop_hallway_plus,
          uniq_ijyb
D:5:      layout_loops_ring, nicolae_vehumet_radiance
D:6:      layout_basic, minmay_temple_entry_metal_lava,
          hangedman_abyss_or_decor_passed, uniq_grinder
D:7:      layout_rooms, minmay_misc_feat_cross, serial_bayou_pond_a,
          minmay_misc_feat_four_crosses, st_stairs_5
D:8:      minmay_curly_fans, layout_gridville, minmay_manual_macuahuitl,
          uniq_gastronok

Skill      XL: |  1  2  3  4  5  6  7  8  9 |
---------------+----------------------------+-----
Transmutations | 3 4 5 6 7 8 |  8.7
Dodging        | 3 4 5 6 7 |  7.3
Unarmed Combat | 4 5 6 7 9 |  9.5
Poison Magic   | 1 2 3 4 |  4.0
Spellcasting   | 3 4 5 |  5.1
Stealth        | 1 2 |  2.3
Fighting       | 2 |  2.1

Action                   |  1- 3 |  4- 6 |  7- 9 || total
-------------------------+-------+-------+-------++-------
Melee: Unarmed           |   106 |   181 |   176 ||   463
       Headbutt          |     9 |    13 |       ||    22
       Punch             |     2 |     3 |     3 ||     8
 Cast: Beastly Appendage |    23 |    31 |     3 ||    57
       Wereblood         |       |     2 |     7 ||     9
       Spider Form       |       |    11 |    14 ||    25
       Blade Hands       |       |       |    10 ||    10
  Use: Scroll            |       |     3 |    10 ||    13
       Potion            |       |       |     2 ||     2
 Stab: Sleeping          |     2 |     4 |     1 ||     7
Armor: Robe              |    22 |    23 |     5 ||    50
       Skin              |       |     2 |    10 ||    12
       Steam dragon scal |       |       |    12 ||    12
Dodge: Dodged            |    69 |   149 |   144 ||   362
